 Dungeon Crawl Stone Soup version 0.29-a0-233-g1125b37a9b (webtiles) character file.

Game seed: 10676262354775537454

246 esteth the Chopper (level 6, -4/56 HPs)
             Began as a Hill Orc Monk on Mar 1, 2022.
             Slain by a scorpion (6 damage)
             ... on level 4 of the Dungeon.
             The game lasted 00:04:59 (3182 turns).

esteth the Chopper (Hill Orc Monk)                  Turns: 3182, Time: 00:05:00

Health: -4/56      AC: 10    Str: 13 (14) XL:     6   Next: 11%
Magic:  6/6        EV:  6    Int: 11 (12) God:
Gold:   143        SH:  0    Dex: 12 (13) Spells: 5/5 levels left

rFire   . . .      SeeInvis .   c - +2 war axe (distort) {!w}
rCold   . . .      Faith    .   (no shield)
rNeg    . . .      Spirit   .   e - +2 chain mail
rPois   .          Reflect  .   (no helmet)
rElec   .          Harm     .   (no cloak)
rCorr   .          Rampage  .   (no gloves)
Will    .....                   (no boots)
Stlth   ..........              (no amulet)
HPRegen 0.18/turn               (no ring)
MPRegen 0.10/turn               (no ring)

@: no status effects
A: no striking features
a: no special abilities


You were on level 4 of the Dungeon.
You visited 1 branch of the dungeon, and saw 4 of its levels.

You collected 143 gold pieces.


   Skills:
 + Level 5.4 Fighting
 + Level 6.0 Axes
 - Level 2.4 Dodging
 + Level 3.4 Stealth


You had 5 spell levels left.
You didn't know any spells.
Your spell library contained the following spells:

 Spells                   Type           Power      Damage    Failure   Level
 Call Canine Familiar     Summ           0%         N/A       100%        3
 Conjure Flame            Conj/Fire      0%         6-21      100%        3
 Ignite Poison            Fire/Tmut/Pois 0%         N/A       100%        3
 Portal Projectile        Hex/Tloc       0%         N/A       100%        3
 Leda's Liquefaction      Hex/Erth       0%         N/A       100%        4
 Sticky Flame             Conj/Fire      0%         2d3       100%        4

Inventory:

Hand Weapons
 a - a +1 hand axe
 c - a +2 war axe of distortion (weapon) {!w}
   (You acquired it on level 4 of the Dungeon)
Missiles
 l - 4 poisoned darts (quivered)
 n - 64 stones
 p - a throwing net {=f!f}
Armour
 b - a +0 robe
 e - a +2 chain mail (worn)
   (You found it on level 1 of the Dungeon)
 f - a +0 kite shield
   (You found it on level 1 of the Dungeon)
 g - a +0 leather armour
   (You found it on level 4 of the Dungeon)
 i - a +0 robe
   (You found it on level 4 of the Dungeon)
 k - a +0 leather armour
   (You found it on level 4 of the Dungeon)
 m - a +0 leather armour
   (You found it on level 2 of the Dungeon)
 o - a +0 leather armour
   (You took it off a gnoll shaman on level 4 of the Dungeon)
 q - a +0 leather armour
   (You found it on level 3 of the Dungeon)
 r - a +0 robe
   (You took it off a gnoll shaman on level 4 of the Dungeon)
Magical Staves
 j - a staff of death {!a}
   (You found it on level 2 of the Dungeon)
Scrolls
 d - 2 scrolls of identify {@r1}
 h - a scroll of enchant armour

Dungeon Overview and Level Annotations

Branches:
Dungeon (4/15)
 Temple: D:4-7

Altars:

Annotations:
D:3 Sigmund
D:4 2 transporters, BigAl's ghost, amateur TrMo

.#...#####...# #.# #.#########
..)###.©.###.# #.# #.##.#.##
..##.......#.######.###....#..#
..#..#.#...#................#
..#..#.#.5.#..##.#..........#
..##.5...#.##....#..........##.#
...#W.#...#.#.##.##+#...........
..©#$=.©# #.<...#.............
...#$#... ##..#@###).......###.#
).##.# ..# #©..#.s)..##..#### #
..# .# #..##..#..#####..# ..# .
#...#......g###..# ..## .#
...##............### #..# .
##................ #..##
#####..#.#'###....###
#...###.....##.#.# #....#
#.......######.#.# #....#


You could see a scorpion.


Message History

You are electrocuted! 😮 HP[-11]
You take 11 damage, and now have 31/48 hp.
MASSIVE DAMAGE!! (PAUSE)
The gnoll barely misses you.
The gnoll shaman utters an invocation to its god.
The gnoll shaman is healed somewhat.
The gnoll hits you with a +0 whip. 😮 HP[-4]
You take 4 damage, and now have 27/48 hp. 😮 HP[+1]
The gnoll hits you with a +0 whip. 😮 HP[-3]
You take 3 damage, and now have 25/48 hp.
The gnoll hits you but does no damage.
You slash the gnoll!
Space warps horribly around the gnoll!!
You kill the gnoll!
You feel your dexterity returning. 😮 HP[+1]
You slash the gnoll shaman!
The gnoll shaman hits you but does no damage.
You hit the gnoll shaman.
You kill the gnoll shaman!
The gnoll barely misses you.
The gnoll is no longer moving quickly.
The gnoll hits you with a +0 halberd.
* * * LOW HITPOINT WARNING * * *
The gnoll barely misses you. 😨 HP[-5]
You take 5 damage, and now have 21/48 hp.
You hit the gnoll.
Space warps around the gnoll.
You hit the gnoll.
Space warps horribly around the gnoll!
The gnoll barely misses you. The gnoll hits you but does no damage.
You hit the gnoll.
Space warps around the gnoll!
You kill the gnoll!
You hit the gnoll.
You kill the gnoll!
You feel your strength returning.
You have reached level 6! 😨 HP[+4] MP[+1]
You now have 56 max hp (+8).
You regained 4 hp, and now have 25/56 hp.
Your mp is fully restored (6).
You barely miss the gnoll. The gnoll hits you with a +0 whip.
* * * LOW HITPOINT WARNING * * *
You closely miss the gnoll. The gnoll hits you but does no damage.
You hit the gnoll.
The gnoll blinks!
You hit the gnoll.
Space warps around the gnoll.
You kill the gnoll!
Your Axes skill increases to level 6! 😨 HP[+1]
A scorpion is nearby!
p - a throwing net {=f!f};
r - a +0 robe
Items here: )))) ††. 😨 HP[+1]
You closely miss the scorpion. The scorpion stings you.
* * * LOW HITPOINT WARNING * * *
You are poisoned.
The scorpion poisons you! 😨 HP[-4]
You take 4 damage, and now have 23/56 hp.
You slash the scorpion!
Space warps around the scorpion.
You feel very sick. The scorpion barely misses you. The scorpion stings you.
* * * LOW HITPOINT WARNING * * *
😨 HP[-4]
You take 4 damage, and now have 19/56 hp.
You completely miss the scorpion.
You feel sick. The scorpion stings you.
* * * LOW HITPOINT WARNING * * *
😱 HP[-5]
You take 5 damage, and now have 14/56 hp.
You barely miss the scorpion.
You feel sick. The scorpion stings you!
* * * LOW HITPOINT WARNING * * *
The scorpion barely misses you. 😱 HP[-9]
You take 9 damage, and now have 5/56 hp.
You aren't carrying any potions.
Unknown command.
You feel sick.
There is a stone staircase leading up here. 😱 HP[-1]
You take 1 damage, and now have 4/56 hp.
You feel sick. 😱 HP[-1]
You take 1 damage, and now have 3/56 hp.
You feel sick.
You feel sick.
You are no longer poisoned. 😱 HP[-1]
You take 1 damage, and now have 2/56 hp.
The scorpion barely misses you. 😱 HP[+1]
The scorpion stings you.
* * * LOW HITPOINT WARNING * * *
Things that are here:
a +0 whip; an adder corpse; 😱 HP[-2]
You take 2 damage, and now have 1/56 hp.
Items here: )))) ††. 😱 HP[+1]
The scorpion stings you.
You die...

Skill      XL: |  1  2  3  4  5  6 |
---------------+-------------------+-----
Stealth        | 2 3 |  3.4
Fighting       | 4 5 |  5.4
Axes           | 5 6 |  6.0
Dodging        | |  2.4

Action                   |  1- 3 |  4- 6 || total
-------------------------+-------+-------++-------
Melee: Hand axe          |   104 |    88 ||   192
       War axe           |       |    33 ||    33
       Punch             |       |     2 ||     2
  Use: Scroll            |       |     8 ||     8
       Potion            |       |     1 ||     1
 Stab: Sleeping          |     1 |       ||     1
Armor: Robe              |     5 |       ||     5
       Chain mail        |    60 |    65 ||   125
Dodge: Dodged            |    52 |    33 ||    85

Levels and vault maps discovered:
D:1:      minmay_arrival_five_plusses, layout_basic,
          chequers_ecumenical_altar_twisty
D:2:      layout_rooms
D:3:      layout_loops_cross, uniq_crazy_yiuf_cottage, uniq_sigmund
D:4:      layout_basic, led_sif_book, gammafunk_ghost_stat_death,
          grunt_ministairs_11

Notes
Turn   | Place    | Note
-------+----------+-------------------------------------------
     0 | D:1      | esteth the Hill Orc Monk began the quest for the Orb.
     0 | D:1      | Reached XP level 1. HP: 19/19 MP: 1/1
     0 | D:1      | magus.rc [v1.11.3]
   278 | D:1      | Found a faded altar of an unknown god.
   585 | D:1      | Reached XP level 2. HP: 21/27 MP: 2/2
   706 | D:1      | Reached skill level 2 in Stealth
   714 | D:1      | Reached skill level 4 in Fighting
   799 | D:1      | You pick up a book of the Hunter and begin reading...
   799 | D:1      | You add the spells Call Canine Familiar, Portal Projectile
                  | and Leda's Liquefaction to your library.
  1248 | D:2      | Reached XP level 3. HP: 33/33 MP: 3/3
  1289 | D:2      | You add the spells Conjure Flame, Ignite Poison and Sticky
                  | Flame to your library.
  1499 | D:2      | Reached XP level 4. HP: 40/41 MP: 4/4
  1718 | D:3      | HP: 9/41 [worm (5)]
  1996 | D:3      | Noticed Sigmund
  2138 | D:3      | Reached skill level 5 in Axes
  2746 | D:4      | Identified a scroll of acquirement
  2747 | D:4      | Acquired a +2 war axe of distortion
  2919 | D:4      | Found a transporter.
  2923 | D:4      | Noticed BigAl's ghost (amateur TrMo)
  2932 | D:4      | Reached XP level 5. HP: 47/47 MP: 5/5
  2966 | D:4      | Reached skill level 5 in Fighting
  2966 | D:4      | Reached skill level 3 in Stealth
  3036 | D:4      | Found a transporter.
  3148 | D:4      | Reached XP level 6. HP: 25/56 MP: 6/6
  3154 | D:4      | Reached skill level 6 in Axes
  3165 | D:4      | HP: 14/56 [scorpion (4)]
  3166 | D:4      | HP: 5/56 [scorpion (8)]
  3170 | D:4      | HP: 2/56 [poisoned by a scorpion]
  3178 | D:4      | HP: 1/56 [scorpion (2)]
  3182 | D:4      | Slain by a scorpion

Vanquished Creatures
  2 gnoll shamans (D:4)
  6 gnolls (D:4)
  4 adders
  2 worms (D:3)
  2 dart slugs
  An orc (D:3)
  6 endoplasms
  2 giant cockroaches
  5 goblins
  4 hobgoblins
  5 kobolds
  A quokka (D:4)
  5 ball pythons
  4 bats
  2 frilled lizards (D:1)
  6 rats
57 creatures vanquished.

Table legend:
 A = Non-vault XP
 B = Vault XP
 C = Vault XP percentage of total XP
 D = Non-vault monster count
 E = Vault monster count
 F = Vault count percentage of total count
                 A         B        C        D         E       F
            +---------+---------+-------+---------+---------+-------
      Total |     349 |       3 |   0.9 |      56 |       2 |   3.4
            +---------+---------+-------+---------+---------+-------
        D:1 |      28 |       0 |   0.0 |      17 |       0 |   0.0
        D:2 |      63 |       0 |   0.0 |      18 |       0 |   0.0
        D:3 |      20 |       0 |   0.0 |       7 |       0 |   0.0
        D:4 |     238 |       3 |   1.2 |      14 |       2 |  12.5
            +---------+---------+-------+---------+---------+-------

Illustrated notes

Table legend:
 A = Kills in this place as a percentage of kills in entire the game.
 B = Kills by you in this place as a percentage of kills by you in the entire game.
 C = Kills by friends in this place as a percentage of kills by friends in the entire game.
 D = Other kills in this place as a percentage of other kills in the entire game.
 E = Experience gained in this place as a percentage of experience gained in the entire game.
 F = Experience gained in this place divided by the number of levels of this place that you have seen.
                   A       B       C       D       E      F
               +-------+-------+-------+-------+-------+----------------------
         Total | 100.0 | 100.0 |   N/A | 100.0 | 100.0 |  88.0
       Dungeon | 100.0 | 100.0 |   N/A | 100.0 | 100.0 |  88.0
               +-------+-------+-------+-------+-------+----------------------

Table legend: (Time is in decaauts)
 A = Elapsed time spent in this place.
 B = Non-inter-level travel time spent in this place.
 C = Inter-level travel time spent in this place.
 D = Time resting spent in this place.
 E = Time spent auto-exploring this place.
 F = Levels seen in this place.
 G = Mean time per level.
                   A        B        C        D        E       F      G
               +--------+--------+--------+--------+--------+-----+--------+
         Total |   3203 |   3162 |     41 |    369 |   2097 |   4 |  800.8 |
       Dungeon |   3203 |   3162 |     41 |    369 |   2097 |   4 |  800.8 |
               +--------+--------+--------+--------+--------+-----+--------+

Top non-repeatable levels by time:
     D:1: 1180 daAuts
     D:2: 851 daAuts
     D:4: 595 daAuts
     D:3: 576 daAuts
